 Dungeon Sprint DCSS version 0.26-a0-651-gb41185065b (webtiles) character file.

Game seed: 7866184708575401795

551149 mhtbhm the Gargoyle Barricade (level 23, -1/175 HPs)
             Began as a Gargoyle Fighter on Sept 29, 2020.
             Was the Champion of Okawaru.
             Killed from afar by Cerebov (42 damage)
             ... with an iron shot
             ... in the Dungeon (Sprint IX: "|||||||||||||||||||||||||||||").
             The game lasted 00:30:45 (12331 turns).

mhtbhm the Gargoyle Barricade (Gargoyle Fighter)   Turns: 12331, Time: 00:30:46

Health: -1/175     AC: 45    Str: 40    XL:     23   Next: 8%
Magic:  0/40       EV: 19    Int: 19    God:    Okawaru [******]
Gold:   1550       SH: 31    Dex:  4    Spells: 37/46 levels left

rFire    + + .     SeeInvis .   p - +3 eveningstar (holy)
rCold    + . .     Faith    .   D - +2 tower shield {AC+3}
rNeg     + + +     Spirit   +   b - quicksilver dragon scales of Zylierchu {*Contam Rampage rC+ MR+ Slay+2}
rPois    ∞         Reflect  .   C - +3 hat of the Albatross {-Tele rN++ MR+ Regen+}
rElec    +         Harm     .   E - scarf {repulsion}
rCorr    .         Rampage  +   q - +0 pair of gloves {Str+3}
MR       +++..     NoTele   +   o - +1 pair of boots
Stlth    +++++++++.             S - amulet of Xudoodd {Spirit +Blink rF+}
HPRegen  0.79/turn              U - ring of the Tempest {rPois Str+9 Int+3 Dex-5 Stlth+}
MPRegen  0.27/turn              T - ring of Nuwaughi {rF+ Int+3}

@: mighty, corroded, repel missiles
A: big wings, repulsion field 1, mutation resistance 1, negative energy
resistance 1, electricity resistance, strong 1, unbreathing, petrification
resistance, rot immunity, subdued magic 1, AC +17
}: 9/17 runes: decaying, serpentine, barnacled, slimy, elven, silver, golden,
abyssal, gossamer
a: Fly, Heroism, Finesse, Renounce Religion, Evoke Blink


You were in the Dungeon.
You worshipped Okawaru.
Okawaru was exalted by your worship.
You visited 1 branch You collected 2004 gold pieces.
You spent 454 gold pieces at shops.

Inventory:

Hand Weapons
 a - a +4 eveningstar of draining
 p - a +3 eveningstar of holy wrath (weapon)
 t - a +3 eveningstar of distortion
 I - a +3 demon whip of flaming
 L - a +0 rapier
 M - the +7 morningstar of Disintegration {pain, MR+ Dex+6}
   (Okawaru gifted it to you in the Dungeon)

   In the hands of one skilled in necromantic magic, it inflicts extra damage on
   living creatures.
   It affects your dexterity (+6).
   It affects your resistance to hostile enchantments.
 X - the +9 heavy crossbow "Sniper" {vorpal, Acc+∞ SInv}
   (You found it in the Dungeon)

   Any bolt fired from it inflicts extra damage.
   It lets you see invisible.
 Y - the +5 demon whip "Hellblazer" {flame, rElec rN+++ Int-5 Dex-2}
   (You found it in the Dungeon)

   It has been specially enchanted to burn those struck by it, causing extra
   injury to most foes and up to half again as much damage against particularly
   susceptible opponents.
   It affects your intelligence (-5).
   It affects your dexterity (-2).
   It insulates you from electricity.
   It renders you almost immune to negative energy.
Missiles
 r - 20 atropa-tipped darts
 A - 6 curare-tipped darts (quivered)
Armour
 b - the quicksilver dragon scales of Zylierchu (worn) {*Contam Rampage rC+ MR+ Slay+2}
   (Okawaru gifted it to you in the Dungeon)

   It affects your accuracy and damage with ranged weapons and melee attacks
   (+2).
   It protects you from cold.
   It affects your resistance to hostile enchantments.
   It causes magical contamination when unequipped.
   It bestows one free step when moving towards enemies.
 o - a +1 pair of boots (worn)
 q - a +0 pair of gloves of strength (worn)
 u - a +2 helmet of intelligence
 x - a +2 cloak of magic resistance
 C - the +3 hat of the Albatross (worn) {-Tele rN++ MR+ Regen+}
   (Okawaru gifted it to you in the Dungeon)

   It greatly protects you from negative energy.
   It affects your resistance to hostile enchantments.
   It prevents most forms of teleportation.
   It increases your rate of regeneration.
 D - a +2 tower shield of protection (worn)
 E - a scarf of repulsion (worn)
 H - a +3 plate armour of magic resistance
Jewellery
 B - an uncursed ring of see invisible
 J - a +6 ring of strength
 S - the amulet of Xudoodd (around neck) {Spirit +Blink rF+}
   (You found it in the Dungeon)

   [amulet of guardian spirit]

   It causes incoming damage to be split between your health and magic.
   It protects you from fire.
   It lets you blink.
 T - the ring of Nuwaughi (right hand) {rF+ Int+3}
   (You found it in the Dungeon)

   [ring of protection from fire]

   It affects your intelligence (+3).
   It protects you from fire.
 U - the ring of the Tempest (left hand) {rPois Str+9 Int+3 Dex-5 Stlth+}
   (You found it in the Dungeon)

   [ring of intelligence]

   It affects your strength (+9).
   It affects your intelligence (+3).
   It affects your dexterity (-5).
   It protects you from poison.
   It makes you more stealthy.
 W - a +3 ring of slaying
Wands
 m - a wand of iceblast (8)
 v - a wand of polymorph (4)
Scrolls
 j - 4 scrolls of blinking
 k - 10 scrolls of remove curse
 l - 2 scrolls of amnesia
 s - 5 scrolls of fog
 w - 6 scrolls of fear
 y - 3 scrolls of enchant armour
 z - 2 scrolls of immolation
 G - 6 scrolls of enchant weapon
Potions
 c - a potion of mutation
 d - 4 potions of resistance
 e - 7 potions of curing
 f - 16 potions of heal wounds
 g - 5 potions of haste
 h - 10 potions of magic
 i - a potion of brilliance
 K - 2 potions of might
Miscellaneous
 N - the horn of Geryon
 Q - a condenser vane (inert)
 R - a tin of tremorstones (2/3)


   Skills:
 O Level 27 Fighting
 - Level 11.9 Short Blades
 O Level 27 Maces & Flails
 - Level 12.9 Crossbows
 O Level 27 Throwing
 O Level 27 Armour
 O Level 27 Dodging
 O Level 27 Stealth
 O Level 27 Shields
 - Level 12.5 Unarmed Combat
 + Level 12.0 Spellcasting
 + Level 3.5 Conjurations
 + Level 2.9 Hexes
 + Level 2.7 Transmutations
 + Level 3.2 Fire Magic
 + Level 2.6 Air Magic
 + Level 3.2 Poison Magic
 O Level 27 Invocations
 * Level 21.7 Evocations


You had 37 spell levels left.
You knew the following spells:

 Your Spells              Type           Power        Failure   Level
a - Ignite Poison         Fire/Tmut/Pois ###.....     4%          3
b - Inner Flame           Hex/Fire       ###.....     4%          3
c - Mephitic Cloud        Conj/Pois/Air  ###.....     4%          3

Your spell library contained the following spells:

 Spells                   Type           Power        Failure   Level
 Corona                   Hex            ###....      1%          1
 Sting                    Tmut/Pois      ###.         1%          1
 Poisonous Vapours        Pois/Air       ###...       2%          2
 Slow                     Hex            ###.....     2%          2
 Portal Projectile        Hex/Tloc       ##....       9%          3
 Olgreb's Toxic Radiance  Pois           ###.....     14%         4
 Cause Fear               Hex            ###.......   17%         4
 Leda's Liquefaction      Hex/Erth       ##........   32%         4


Dungeon Overview and Level Annotations

Branches:
Dungeon (1/1)

Altars:
Cheibriados
Dithmenos
Elyvilon
Fedhas
Gozag
Hepliaklqana
Kikubaaqudgha
Makhleb
Nemelex Xobeh
Okawaru
Qazlal
Ru
Sif Muna
Trog
Uskayaw
Vehumet
Wu Jian
Xom
Yredelemnul
Zin
The Shining One
Beogh
Jiyva
Lugonu

Shops:
D ((?(

Annotations:
D Cerebov


Innate Abilities, Weirdness & Mutations

You are resistant to torment.
Your stone body is resilient. (AC +17)
You are immune to poison.
Your large and strong wings let you fly indefinitely.
You resist negative energy. (rN+)
You are resistant to electric shocks. (rElec)
You can survive without breathing.
You are immune to petrification.
You are immune to rotting.
You are surrounded by a mild repulsion field. (EV +2)
You are somewhat resistant to further mutation.
Your muscles are strong. (Str +2)
Your spells are a little easier to cast, but a little less powerful.


Message History

Unknown command.
Evoke which item? (* to show all) (? for menu, Esc to quit)
Okay, then.
Really walk into that cloud of acidic fog?
You are engulfed in acidic fog.
You are splashed with acid!
Cerebov is engulfed in acidic fog.
Cerebov is splashed with acid.
Cerebov is engulfed in acidic fog.
Cerebov is splashed with acid.
Cerebov seems to be corroded for longer.
There is an open door to Hell & Pan here.
You are engulfed in acidic fog.
The acid corrodes you!
You are splashed with acid!
* * * LOW HITPOINT WARNING * * *
x2 Cerebov is engulfed in acidic fog.
Cerebov is splashed with acid.
Cerebov seems to be corroded for longer.
Unknown command.
Really walk into that cloud of flame?
You are engulfed in blazing flames.
You resist. Cerebov gestures at you. The iron shot hits you!!!
You die...

▓§▓.▓'▓.▓.▓.▓.▓.▓)
▓§▓.▓.▓.▓.▓.▓.▓.▓[
▓☼▓.▓.▓.▓.▓.▓.▓.▓)
▓§▓.▓.▓.▓.▓.▓.▓.▓)
▓§▓.▓.▓.▓.▓.▓.▓.▓)
▓&▓.▓.▓.▓.▓.▓.▓.▓)
▓§▓.▓.▓.▓.▓.▓.▓.▓'
▓§▓.▓.▓.▓'▓.▓.▓.▓.
▓@▓.▓.▓.▓)▓.▓.▓.▓.
▓.▓.▓.▓.▓.▓.▓.▓.▓)
▓.▓.▓)▓.▓.▓.▓)▓.▓)
▓.▓.▓.▓.▓.▓.▓.▓.▓)
▓.▓.▓.▓.▓.▓.▓.▓.▓)
▓.▓.▓.▓.▓.▓.▓)▓.▓.
▓.▓.▓.▓.▓)▓.▓[▓.▓.
▓.▓.▓.▓.▓.▓.▓[▓.▓'
▓.▓.▓.▓.▓)▓.▓'▓.▓.


You could see Cerebov (fast, corroded).

Vanquished Creatures
  Antaeus (D)
  Asmodeus (D)
  the Royal Jelly (D)
  Gloorx Vloq (D)
  5 ancient liches (D)
  4 orbs of fire (D)
  Mennas (D)
  Mara (D)
  4 greater mummies (D)
  2 Killer Klowns (D)
  Margery (D)
  Frederick (D)
  Saint Roka (D)
  A caustic shrike (D)
  A curse toe (D)
  Geryon (D)
  A golden dragon (D)
  Nikola (D)
  Jory (D)
  5 electric golems (D)
  2 bone dragons (D)
  A lich (D)
  Rupert (D)
  4 deep elf blademasters (D)
  3 tentacled monstrosities (D)
  27 Orb Guardians (D)
  A titan (D)
  2 quicksilver dragons (D)
  9 acid blobs (D)
  A deep elf master archer (D)
  12 sphinxes (D)
  12 shadow dragons (D)
  A tentacled starspawn (D)
  2 death cobs (D)
  3 storm dragons (D)
  Agnes (D)
  5 nagarajas (D)
  2 fire giants (D)
  4 azure jellies (D)
  3 ghost moths (D)
  3 draconian knights (D)
  2 frost giants (D)
  3 deep elf sorcerers (D)
  A draconian scorcher (D)
  Louise (D)
  5 draconian stormcallers (D)
  2 stone giants (D)
  4 emperor scorpions (D)
  A very ugly thing (D)
  2 draconian shifters (D)
  6 ironheart preservers (D)
  2 draconian annihilators (D)
  A starcursed mass (D)
  2 green draconians (D)
  8 vampire knights (D)
  A spark wasp (D)
  A deep elf annihilator (D)
  6 red draconians (D)
  5 white draconians (D)
  3 yellow draconians (D)
  2 black draconians (D)
  4 deep elf death magi (D)
  2 ettins (D)
  7 mummy priests (D)
  2 death oozes (D)
  A merfolk javelineer (D)
  3 fire dragons (D)
  A yaktaur captain (D)
  4 merfolk impalers (D)
  2 deep elf high priests (D)
  Harold (D)
  10 hydras (D)
  25 vault guards (D)
  3 naga warriors (D)
  An anaconda (D)
  An ice dragon (D)
  A spriggan air mage (D)
  A ghost crab (D)
  A centaur warrior (D)
  2 alligators (D)
  2 deep troll earth magi (D)
  2 deep troll shamans (D)
  A satyr (D)
  7 merfolk aquamancers (D)
  A queen ant (shapeshifter) (D)
  8 two-headed ogres (D)
  A spriggan berserker (D)
  5 ogre magi (D)
  Sonja (D)
  A deep elf knight (D)
  A skeletal warrior (D)
  5 hell knights (D)
  A wretched star (D)
  2 unseen horrors (D)
  2 deep trolls (D)
  2 sea snakes (D)
  A glowing orange brain (D)
  A wizard (D)
  6 swamp dragons (D)
  A naga ritualist (D)
  2 orc knights (D)
  3 ironbrand convokers (D)
  2 harpies (D)
  4 necromancers (D)
  A salamander (D)
  A deep elf mage (D)
  An orb spider (shapeshifter) (D)
  4 wolf spiders (D)
  3 ugly things (D)
  Maurice (D)
  10 moths of wrath (D)
  A guardian serpent (D)
  2 manticores (D)
  A black mamba (D)
  7 naga magi (D)
  7 vault sentinels (D)
  3 komodo dragons (D)
  6 cane toads (D)
  2 yaktaurs (D)
  A tengu conjurer (D)
  A freezing wraith (D)
  17 guardian mummies (D)
  A wandering mushroom (D)
  A jumping spider (D)
  A troll (shapeshifter) (D)
  A bog body (D)
  3 merfolk (D)
  3 tyrant leeches (D)
  2 hippogriffs (D)
  A snapping turtle (D)
  2 slime creatures (D)
  4 redbacks (D)
  A vampire (D)
  A spriggan (shapeshifter) (D)
  3 tarantellas (D)
  11 spriggans (D)
  2 yaks (D)
  A large abomination (D)
  A basilisk (D)
  Grum (D)
  A neqoxec (D)
  4 golden eyes (D)
  A chaos spawn (D)
  2 vampire mosquitoes (D)
  2 nagas (D)
  An acid dragon (D)
  A warg (D)
  A water moccasin (D)
  2 porcupines (D)
  3 floating eyes (D)
  A swamp drake (D)
  13 orc warriors (D)
  6 ogres (D)
  A phantom (D)
  An eye of draining (D)
  3 boggarts (D)
  3 wolves (D)
  A centaur (D)
  3 crocodiles (D)
  2 bullfrogs (D)
  A killer bee (D)
  2 iron imps (D)
  A jelly (D)
  6 orc priests (D)
  7 orc wizards (D)
  An ufetubus (D)
  An ooze (D)
  A worm (D)
  7 orcs (D)
  A bat skeleton (D)
  A goblin (D)
  2 hobgoblins (D)
  A quokka (D)
  2 frilled lizards (D)
  A fire vortex (D)
  A starspawn tentacle (D)
523 creatures vanquished.

Vanquished Creatures (others)
  Ilsuiw (D)
  A frost giant (D)
  A hydra (D)
  A two-headed ogre (D)
  A blink frog (shapeshifter) (D)
5 creatures vanquished.

Grand Total: 528 creatures vanquished

Notes
Turn   | Place    | Note
-------+----------+-------------------------------------------
     0 | D        | mhtbhm the Gargoyle Fighter began the quest for the Orb.
     0 | D        | Reached XP level 1. HP: 14/14 MP: 1/1
    22 | D        | Reached XP level 2. HP: 14/20 MP: 2/2
   114 | D        | Noticed an ogre
   133 | D        | Killed an ogre
   133 | D        | Reached skill level 1 in Dodging
   133 | D        | Reached skill level 5 in Shields
   133 | D        | Reached XP level 3. HP: 20/27 MP: 3/3
   133 | D        | Reached XP level 4. HP: 24/32 MP: 4/4
   157 | D        | Found a roughly hewn altar of Beogh.
   157 | D        | Found a snail-covered altar of Cheibriados.
   157 | D        | Found a shadowy altar of Dithmenos.
   157 | D        | Found a white marble altar of Elyvilon.
   157 | D        | Found a blossoming altar of Fedhas.
   157 | D        | Found an opulent altar of Gozag.
   158 | D        | Found a hazy altar of Hepliaklqana.
   159 | D        | Found a viscous altar of Jiyva.
   160 | D        | Found an ancient bone altar of Kikubaaqudgha.
   161 | D        | Found a corrupted altar of Lugonu.
   162 | D        | Found a burning altar of Makhleb.
   164 | D        | Found a sparkling altar of Nemelex Xobeh.
   165 | D        | Found an iron altar of Okawaru.
   166 | D        | Found a stormy altar of Qazlal.
   167 | D        | Found a sacrificial altar of Ru.
   168 | D        | Found a shimmering blue altar of Sif Muna.
   169 | D        | Found a bloodstained altar of Trog.
   170 | D        | Found a hide-covered altar of Uskayaw.
   171 | D        | Found a radiant altar of Vehumet.
   172 | D        | Found an ornate altar of the Wu Jian Council.
   173 | D        | Became a worshipper of Warmaster Okawaru
   174 | D        | Found a shimmering altar of Xom.
   175 | D        | Found a basalt altar of Yredelemnul.
   176 | D        | Found a glowing silver altar of Zin.
   177 | D        | Found a glowing golden altar of the Shining One.
   240 | D        | Noticed a centaur
   240 | D        | Noticed a phantom
   250 | D        | Reached XP level 5. HP: 29/37 MP: 5/5
   256 | D        | Killed a centaur
   279 | D        | Reached XP level 6. HP: 40/44 MP: 6/6
   325 | D        | Killed a phantom
   325 | D        | Reached * piety under Okawaru
   455 | D        | Noticed a centaur warrior
   455 | D        | Noticed a brown ugly thing
   455 | D        | Noticed a human
   455 | D        | Noticed a deep elf mage
   455 | D        | Noticed a two-headed ogre
   457 | D        | Noticed an ice beast
   465 | D        | Noticed an eye of draining
   465 | D        | a human changed into an eye of draining
   466 | D        | Noticed a blink frog
   466 | D        | an eye of draining changed into a blink frog
   467 | D        | Killed a two-headed ogre
   467 | D        | Reached XP level 7. HP: 50/50 MP: 7/7
   467 | D        | Reached XP level 8. HP: 55/55 MP: 8/8
   474 | D        | Killed a deep elf mage
   474 | D        | Reached ** piety under Okawaru
   474 | D        | Reached skill level 10 in Maces & Flails
   474 | D        | Reached skill level 10 in Shields
   483 | D        | Killed a brown ugly thing
   485 | D        | Killed a blink frog
   492 | D        | Killed a centaur warrior
   492 | D        | Reached *** piety under Okawaru
   492 | D        | Reached skill level 10 in Armour
   492 | D        | Reached XP level 9. HP: 34/62 MP: 9/9
   751 | D        | Noticed a komodo dragon
   760 | D        | Killed a komodo dragon
   760 | D        | Reached **** piety under Okawaru
   760 | D        | Reached skill level 10 in Fighting
   766 | D        | Noticed a komodo dragon
   801 | D        | Reached XP level 10. HP: 41/68 MP: 10/10
  1114 | D        | Noticed a six-headed hydra
  1114 | D        | Noticed a cane toad
  1114 | D        | Noticed a seven-headed hydra
  1115 | D        | Noticed a seven-headed hydra
  1126 | D        | Noticed a cane toad
  1134 | D        | Killed a seven-headed hydra
  1134 | D        | Reached ***** piety under Okawaru
  1405 | D        | Killed a six-headed hydra
  1511 | D        | Killed a seven-headed hydra
  1567 | D        | Killed a cane toad
  1764 | D        | Killed a cane toad
  1764 | D        | Received a gift from Okawaru
  1764 | D        | Reached XP level 11. HP: 76/76 MP: 11/11
  2127 | D        | Noticed Maurice
  2148 | D        | Killed Maurice
  2204 | D        | Noticed Harold
  2229 | D        | Killed Harold
  2229 | D        | Reached skill level 15 in Maces & Flails
  3136 | D        | Received a gift from Okawaru
  3178 | D        | Found Lowa Gohi's Antique Weapon Boutique.
  3178 | D        | Noticed a two-headed ogre
  3178 | D        | Noticed an ogre mage
  3178 | D        | Noticed a two-headed ogre
  3178 | D        | Noticed a two-headed ogre
  3189 | D        | Killed a two-headed ogre
  3189 | D        | Reached skill level 15 in Shields
  3195 | D        | Killed a two-headed ogre
  3195 | D        | Reached skill level 1 in Invocations
  3209 | D        | Killed an ogre mage
  3209 | D        | Reached ****** piety under Okawaru
  3210 | D        | Noticed a two-headed ogre
  3212 | D        | Noticed a two-headed ogre
  3214 | D        | Noticed a two-headed ogre
  3217 | D        | Killed a two-headed ogre
  3217 | D        | Reached XP level 12. HP: 78/86 MP: 12/12
  3220 | D        | Found Fatystr Meng's Magic Scroll Shop.
  3236 | D        | Killed a two-headed ogre
  3244 | D        | Killed a two-headed ogre
  3252 | D        | Killed a two-headed ogre
  3253 | D        | Found Erich's Antique Weapon Boutique.
  3258 | D        | Found Ovorau's Antique Weapon Shop.
  3393 | D        | Noticed a two-headed ogre
  3403 | D        | Killed a two-headed ogre
  3464 | D        | Bought a scroll of blinking for 97 gold pieces
  3464 | D        | Bought a scroll of fear for 45 gold pieces
  3464 | D        | Bought a scroll of enchant armour for 97 gold pieces
  3464 | D        | Bought a scroll of immolation for 45 gold pieces
  3464 | D        | Bought a scroll of identify for 26 gold pieces
  3469 | D        | Bought a glowing mace for 144 gold pieces
  3485 | D        | Noticed Grum
  3488 | D        | Reached skill level 15 in Fighting
  3503 | D        | Killed Grum
  3561 | D        | Noticed Sonja
  3590 | D        | Killed Sonja
  3881 | D        | Got the cursed +1 morningstar "Huhiagom" {pain, rElec rN++
                  | Int+3}
  3971 | D        | Noticed a two-headed ogre
  3980 | D        | Reached skill level 1 in Throwing
  3985 | D        | Noticed an ogre mage
  4005 | D        | Killed a two-headed ogre
  4009 | D        | Noticed an ogre mage
  4022 | D        | Reached skill level 5 in Dodging
  4030 | D        | Noticed a frost giant
  4040 | D        | Killed an ogre mage
  4040 | D        | Received a gift from Okawaru
  4055 | D        | Noticed an ice dragon
  4066 | D        | Killed a frost giant
  4071 | D        | Killed an ogre mage
  4071 | D        | Reached skill level 15 in Armour
  4092 | D        | Killed an ice dragon
  4092 | D        | Reached XP level 13. HP: 19/93 MP: 14/14
  4776 | D        | Received a gift from Okawaru
  5204 | D        | Noticed Agnes
  5219 | D        | Killed Agnes
  5297 | D        | Noticed a spark wasp
  5297 | D        | Noticed an ogre mage
  5298 | D        | Killed an ogre mage
  5303 | D        | Received a gift from Okawaru
  5306 | D        | Noticed a deep elf death mage
  5317 | D        | Killed a spark wasp
  5317 | D        | Gained mutation: Your large and strong wings let you fly
                  | indefinitely. [Gargoyle growth]
  5317 | D        | Reached XP level 14. HP: 94/104 MP: 15/15
  5360 | D        | Noticed a shadow dragon
  5821 | D        | Killed a shadow dragon
  6263 | D        | Noticed a frost giant
  6264 | D        | Noticed a vampire knight
  6272 | D        | Killed a vampire knight
  6278 | D        | Killed a frost giant
  6291 | D        | Received a gift from Okawaru
  6310 | D        | Noticed a frost giant
  6511 | D        | Killed a frost giant
  6590 | D        | Noticed an ironheart preserver
  6606 | D        | Killed an ironheart preserver
  6746 | D        | Noticed an ironheart preserver
  6754 | D        | Killed an ironheart preserver
  6906 | D        | Noticed Louise
  6944 | D        | Killed Louise
  7016 | D        | Noticed Mennas
  7048 | D        | Killed Mennas
  7048 | D        | Received a gift from Okawaru
  7048 | D        | Reached XP level 15. HP: 84/115 MP: 16/16
  7060 | D        | Got a polished scale mail {god gift}
  7066 | D        | Identified the +4 scale mail of Purpose {-Tele rPois Dex-5
                  | Stlth+} (Okawaru gifted it to you in the Dungeon)
  7402 | D        | Noticed Jory
  7425 | D        | Killed Jory
  7425 | D        | Reached skill level 10 in Dodging
  7549 | D        | Noticed Ilsuiw
  7605 | D        | Killed Ilsuiw
  7631 | D        | Received a gift from Okawaru
  7664 | D        | Got a barnacled rune of Zot
  7741 | D        | Noticed a nagaraja
  7741 | D        | Noticed a nagaraja
  7748 | D        | Noticed a nagaraja
  7759 | D        | Noticed a nagaraja
  7761 | D        | Killed a nagaraja
  7763 | D        | Killed a nagaraja
  7768 | D        | Killed a nagaraja
  7769 | D        | Noticed a nagaraja
  7781 | D        | Killed a nagaraja
  7788 | D        | Killed a nagaraja
  7797 | D        | Reached skill level 10 in Stealth
  7800 | D        | Got a serpentine rune of Zot
  7928 | D        | Reached skill level 5 in Throwing
  7946 | D        | Reached XP level 16. HP: 125/125 MP: 18/18
  7963 | D        | Received a gift from Okawaru
  7978 | D        | Got a decaying rune of Zot
  8027 | D        | Received a gift from Okawaru
  8074 | D        | Got a gossamer rune of Zot
  8084 | D        | Got distressingly furry quicksilver dragon scales {god
                  | gift}
  8090 | D        | Identified the quicksilver dragon scales of Zylierchu
                  | {*Contam Rampage rC+ MR+ Slay+2} (Okawaru gifted it to you
                  | in the Dungeon)
  8167 | D        | Noticed Saint Roka
  8183 | D        | Killed Saint Roka
  8353 | D        | Noticed Margery
  8370 | D        | Killed Margery
  8598 | D        | Reached skill level 27 in Shields
  8645 | D        | Received a gift from Okawaru
  8721 | D        | Reached XP level 17. HP: 136/136 MP: 19/19
  8864 | D        | Received a gift from Okawaru
  8866 | D        | Noticed a tentacled monstrosity
  8877 | D        | Killed a tentacled monstrosity
  8908 | D        | Reached skill level 27 in Fighting
  9036 | D        | Noticed a quicksilver dragon
  9047 | D        | Received a gift from Okawaru
  9051 | D        | Killed a quicksilver dragon
  9052 | D        | Noticed a titan
  9078 | D        | Killed a titan
  9081 | D        | Got a silver rune of Zot
  9244 | D        | Noticed Nikola
  9254 | D        | Killed Nikola
  9254 | D        | Received a gift from Okawaru
  9254 | D        | Reached skill level 15 in Dodging
  9305 | D        | Got the amulet of Xudoodd {Spirit +Blink rF+}
  9307 | D        | Got the ring of Nuwaughi {rF+ Int+3}
  9309 | D        | Found the +9 heavy crossbow "Sniper" {vorpal, Acc+∞ SInv}
  9309 | D        | Got the ring of the Tempest {rPois Str+9 Int+3 Dex-5
                  | Stlth+}
  9311 | D        | Got the ring "Luosh" {Wiz Stlth+}
  9321 | D        | Got the +5 demon whip "Hellblazer" {flame, rElec rN+++
                  | Int-5 Dex-2}
  9370 | D        | Gained mutation: You are surrounded by a mild repulsion
                  | field. (EV +2) [potion of mutation]
  9370 | D        | Gained mutation: Your spells are a little easier to cast,
                  | but a little less powerful. [potion of mutation]
  9370 | D        | Gained mutation: You are somewhat resistant to further
                  | mutation. [potion of mutation]
  9426 | D        | Noticed Rupert
  9430 | D        | Killed Rupert
  9430 | D        | Reached skill level 27 in Maces & Flails
  9453 | D        | Noticed Mara
  9460 | D        | Killed Mara
  9468 | D        | Noticed Frederick
  9478 | D        | Killed Frederick
  9604 | D        | Noticed a caustic shrike
  9609 | D        | Reached skill level 10 in Throwing
  9609 | D        | Reached XP level 18. HP: 132/145 MP: 18/21
  9610 | D        | Reached skill level 15 in Stealth
  9612 | D        | Killed a caustic shrike
  9764 | D        | Noticed a bone dragon
  9764 | D        | Noticed a golden dragon
  9764 | D        | Noticed a bone dragon
  9775 | D        | Killed a bone dragon
  9791 | D        | Killed a bone dragon
  9793 | D        | Received a gift from Okawaru
  9798 | D        | Killed a golden dragon
  9805 | D        | Received a gift from Okawaru
  9832 | D        | Received a gift from Okawaru
  9860 | D        | Got a crude hat {god gift}
  9871 | D        | Identified the +3 hat of the Albatross {-Tele rN++ MR+
                  | Regen+} (Okawaru gifted it to you in the Dungeon)
  9973 | D        | Noticed a tentacled monstrosity
  9974 | D        | Noticed a tentacled monstrosity
  9975 | D        | Killed a tentacled monstrosity
  9975 | D        | Reached skill level 15 in Throwing
  9987 | D        | Killed a tentacled monstrosity
 10017 | D        | Received a gift from Okawaru
 10023 | D        | Received a gift from Okawaru
 10080 | D        | Noticed a quicksilver dragon
 10081 | D        | Reached XP level 19. HP: 151/151 MP: 22/22
 10086 | D        | Noticed a curse toe
 10102 | D        | Killed a curse toe
 10248 | D        | Received a gift from Okawaru
 10251 | D        | Reached skill level 27 in Stealth
 10252 | D        | Received a gift from Okawaru
 10274 | D        | Identified the +1 chain mail of the Kraken {rC+ SInv}
                  | (Okawaru gifted it to you in the Dungeon)
 10385 | D        | Noticed an ancient lich
 10391 | D        | Killed an ancient lich
 10393 | D        | Noticed an orb of fire
 10401 | D        | Killed an orb of fire
 10418 | D        | Noticed an electric golem
 10419 | D        | Killed an electric golem
 10421 | D        | Noticed an electric golem
 10421 | D        | Noticed a Killer Klown
 10421 | D        | Noticed an electric golem
 10421 | D        | Noticed an ancient lich
 10424 | D        | Noticed an orb of fire
 10426 | D        | Killed an ancient lich
 10426 | D        | Reached XP level 20. HP: 152/157 MP: 23/23
 10427 | D        | Noticed an electric golem
 10428 | D        | Killed a Killer Klown
 10430 | D        | Killed an electric golem
 10448 | D        | Killed an orb of fire
 10448 | D        | Received a gift from Okawaru
 10468 | D        | Killed an electric golem
 10471 | D        | Killed an electric golem
 10472 | D        | Noticed a Killer Klown
 10473 | D        | Noticed an orb of fire
 10473 | D        | Noticed an orb of fire
 10477 | D        | Gained mutation: Your muscles are strong. (Str +2) [an orb
                  | of fire]
 10730 | D        | Killed an orb of fire
 10740 | D        | Noticed an electric golem
 10746 | D        | Received a gift from Okawaru
 10759 | D        | Killed an electric golem
 10759 | D        | Reached skill level 5 in Invocations
 10767 | D        | Killed an orb of fire
 10777 | D        | Killed a Killer Klown
 10871 | D        | Reached skill level 27 in Dodging
 10895 | D        | Reached skill level 27 in Throwing
 10901 | D        | Reached XP level 21. HP: 93/163 MP: 15/26
 10906 | D        | Received a gift from Okawaru
 11066 | D        | Noticed an ancient lich
 11069 | D        | Reached skill level 10 in Invocations
 11075 | D        | Killed an ancient lich
 11075 | D        | Noticed an ancient lich
 11079 | D        | Noticed an ancient lich
 11087 | D        | Killed an ancient lich
 11091 | D        | Killed an ancient lich
 11252 | D        | Reached skill level 27 in Armour
 11253 | D        | Reached skill level 15 in Invocations
 11319 | D        | Got an elven rune of Zot
 11433 | D        | Received a gift from Okawaru
 11477 | D        | Noticed the Royal Jelly
 11482 | D        | Killed the Royal Jelly
 11482 | D        | Received a gift from Okawaru
 11503 | D        | Reached skill level 27 in Invocations
 11503 | D        | Reached XP level 22. HP: 59/169 MP: 14/39
 11552 | D        | Got a warped morningstar {god gift}
 11553 | D        | Identified the +7 morningstar of Disintegration {pain, MR+
                  | Dex+6} (Okawaru gifted it to you in the Dungeon)
 11647 | D        | Got a slimy rune of Zot
 11766 | D        | Reached skill level 5 in Crossbows
 11766 | D        | Reached skill level 5 in Unarmed Combat
 11766 | D        | Reached skill level 5 in Short Blades
 11766 | D        | Reached skill level 5 in Spellcasting
 11766 | D        | Reached skill level 5 in Evocations
 11780 | D        | Received a gift from Okawaru
 11837 | D        | Received a gift from Okawaru
 12000 | D        | Noticed a greater mummy
 12000 | D        | Noticed a greater mummy
 12000 | D        | Noticed a greater mummy
 12002 | D        | Reached skill level 10 in Crossbows
 12002 | D        | Reached skill level 10 in Unarmed Combat
 12004 | D        | Received a gift from Okawaru
 12005 | D        | Killed a greater mummy
 12005 | D        | Reached skill level 10 in Short Blades
 12005 | D        | Reached skill level 10 in Spellcasting
 12005 | D        | Reached skill level 10 in Evocations
 12005 | D        | Killed a greater mummy
 12005 | D        | Received a gift from Okawaru
 12008 | D        | Killed a greater mummy
 12010 | D        | Noticed a greater mummy
 12016 | D        | Killed a greater mummy
 12019 | D        | Got a golden rune of Zot
 12134 | D        | Learned a level 3 spell: Ignite Poison
 12138 | D        | Learned a level 3 spell: Inner Flame
 12142 | D        | Learned a level 3 spell: Mephitic Cloud
 12146 | D        | Reached skill level 1 in Conjurations
 12153 | D        | Reached skill level 1 in Hexes
 12153 | D        | Reached skill level 1 in Transmutations
 12153 | D        | Reached skill level 1 in Fire Magic
 12153 | D        | Reached skill level 1 in Air Magic
 12153 | D        | Reached skill level 1 in Poison Magic
 12166 | D        | Got an abyssal rune of Zot
 12290 | D        | Noticed Geryon
 12293 | D        | Killed Geryon
 12296 | D        | Noticed Antaeus
 12296 | D        | Noticed Gloorx Vloq
 12297 | D        | Identified the +7 sceptre of Asmodeus
 12297 | D        | Noticed Asmodeus
 12307 | D        | Killed Gloorx Vloq
 12307 | D        | Reached skill level 15 in Evocations
 12314 | D        | Killed Antaeus
 12314 | D        | Received a gift from Okawaru
 12321 | D        | Identified the +6 sword of Cerebov {flame}
 12321 | D        | Noticed Cerebov
 12322 | D        | Killed Asmodeus
 12322 | D        | Received a gift from Okawaru
 12322 | D        | Reached XP level 23. HP: 98/175 MP: 23/40
 12331 | D        | Killed from afar by Cerebov

Illustrated notes

Levels and vault maps discovered:
D:        linesprint [early_d, line_temple, items_1, d_10, items_2, lair_1,
          lair_end, items_3, orc_1, orc_end, items_4, d_15, swamp_1, shoals_1,
          snake_1, spider_1, d_20, vaults_1, items_5, swamp_end, shoals_end,
          snake_end, spider_end, vaults_end, d_27, items_6, zot_1, zot_end,
          crypt_end, forest_end, elf_end, slime_end, tomb_end, abyss_end,
          pan_hell_end]

Skill      XL: |  1  2  3  4  5  6  7  8  9 10 11 12 13 14 15 16 17 18 19 20 21 22 |
---------------+-------------------------------------------------------------------+-----
Fighting       | 4 6 7 8 9 10 11 14 15 18 21 23 26 27 | 27.0
Armour         | 4 6 8 10 12 14 15 16 17 18 20 21 27 | 27.0
Shields        | 4 5 6 7 9 11 12 13 15 18 20 22 25 27 | 27.0
Maces & Flails | 4 6 9 11 12 14 15 16 18 20 21 23 27 | 27.0
Dodging        | 1 2 3 4 5 7 9 11 13 16 19 23 27 | 27.0
Stealth        | 2 6 7 8 9 10 14 22 27 | 27.0
Invocations    | 1 2 3 4 7 27 | 27.0
Throwing       | 2 3 5 10 16 22 27 | 27.0
Short Blades   | 11 | 11.9
Crossbows      | 12 | 12.9
Unarmed Combat | 12 | 12.5
Spellcasting   | 12 | 12.0
Evocations     | 21 | 21.7
Conjurations   | 3 |  3.5
Hexes          | 2 |  2.9
Transmutations | 2 |  2.7
Fire Magic     | 3 |  3.2
Air Magic      | 2 |  2.6
Poison Magic   | 3 |  3.2

Action                   |  1- 3 |  4- 6 |  7- 9 | 10-12 | 13-15 | 16-18 | 19-21 | 22-24 || total
-------------------------+-------+-------+-------+-------+-------+-------+-------+-------++-------
Melee: Flail             |    37 |    87 |    77 |   448 |       |       |       |       ||   649
       Morningstar       |       |       |       |   110 |    11 |       |       |    30 ||   151
       Mace              |       |       |       |    34 |       |       |       |       ||    34
       Eveningstar       |       |       |       |       |   616 |   505 |   344 |    28 ||  1493
Throw: Throwing net      |       |       |       |     4 |     5 |       |       |     1 ||    10
       Dart              |       |       |       |       |     2 |       |       |     3 ||     5
       Javelin           |       |       |       |       |     9 |    28 |    38 |    33 ||   108
Invok: Heroism           |       |       |       |     4 |     1 |     1 |     1 |       ||     7
Evoke: Wand              |       |       |       |     1 |       |       |       |     1 ||     2
       Condenser vane    |       |       |       |       |       |       |       |     5 ||     5
       Tin of tremorston |       |       |       |       |       |       |       |     1 ||     1
  Use: Potion            |     1 |     5 |     1 |     3 |     4 |     1 |     2 |     1 ||    18
       Scroll            |       |       |       |     1 |       |     5 |     1 |       ||     7
 Stab: Invisible         |       |     2 |     5 |       |       |       |       |       ||     7
       Distracted        |       |       |       |     1 |       |       |     1 |       ||     2
       Held in net/web   |       |       |       |       |     3 |       |       |       ||     3
       Sleeping          |       |       |       |       |       |    11 |    10 |     5 ||    26
Armor: Scale mail        |    18 |     2 |       |    24 |   155 |    41 |       |       ||   240
       Plate armour      |       |    44 |    33 |   155 |       |       |       |       ||   232
       Skin              |       |       |       |     2 |       |       |       |       ||     2
       Quicksilver drago |       |       |       |       |       |    59 |    95 |    21 ||   175
Dodge: Dodged            |    13 |    38 |    20 |   151 |   164 |    79 |    71 |    19 ||   555
       Repelled          |       |       |       |       |       |       |     8 |     3 ||    11
Block: Kite shield       |    22 |    52 |    26 |   242 |   197 |       |       |       ||   539
       Tower shield      |       |       |       |       |   234 |   330 |   300 |    52 ||   916

Table legend: (Time is in decaauts) A = Elapsed time spent in this place. B = Non-inter-level travel time spent in this place. C = Inter-level travel time spent in this place. D = Time resting spent in this place. E = Time spent auto-exploring this place. F = Levels seen in this place. G = Mean time per level. A B C D E F G +--------+--------+--------+--------+--------+-----+--------+ Total | 11671 | 11671 | 0 | 4545 | 1410 | 1 | 11671.0 | Dungeon | 11671 | 11671 | 0 | 4545 | 1410 | 1 | 11671.0 | +--------+--------+--------+--------+--------+-----+--------+

Top non-repeatable levels by time:
       D: 11671 daAuts
